[Event "*** Titled Tuesday Blitz"]
[Site "Chess.com"]
[Date "2018.04.03"]
[Round "2"]
[White "TST2014"]
[Black "eldur16"]
[Result "1/2-1/2"]
[WhiteElo "2332"]
[BlackElo "2516"]
[TimeControl "180+2"]
[EndTime "13:24:30 PDT"]
[Termination "Game drawn - insufficient material"]

1. d4 Nf6 2. c4 e6 3. Nf3 Bb4+ 4. Bd2 a5 5. g3 d6 6. Bg2 Nbd7 7. O-O e5 8. Nc3 exd4 9. Nxd4 O-O 10. a3 Bc5 11. Nb3 Re8 12. Nxc5 Nxc5 13. Be3 Qe7 14. b4 Nce4 15.
Nxe4 Nxe4 16. Qd3 h6 17. Rfd1 Bf5 18. Qd5 Bg6 19. Qd4 axb4 20. axb4 c5 21. Qb2 b6 22.
Bf4 Rxa1 23. Rxa1 Qe6 24. Qb3 Ng5 25. Be3 Be4 26. bxc5 Bxg2 27. Kxg2 bxc5 28. Bxg5 hxg5 29. Ra2 g4 30. Qd3 g6 31. Rd2 Qe4+ 32. f3 gxf3+ 33. exf3 Qe1 34. Qxd6 Re2+ 35. Rxe2 Qxe2+ 36. Kg1 Qxc4 37. f4 Qc2 38. h4 c4 39. Qd8+ Kg7 40. Qd4+ Kh7 41.
Qf6 Qd1+ 42. Kf2 Kg8 43. Qc3 Qd5 44. Ke3 Kf8 45. Qd4 Qc6 46. Qh8+ Ke7 47. Qe5+ Kd7 48. f5 c3 49. Qd4+ Ke7 50. Qe5+ Kd7 51. Qd4+ Kc8 52.
fxg6 c2 53. Qg4+ Kd8 54. Qd4+ Ke7 55. Qe5+ Qe6 56. Qxe6+ Kxe6 57. Kd2 fxg6 58. g4 Ke5 59. h5 gxh5 60. gxh5 Kf5 61. Kxc2 Kg5 62. Kd3 Kxh5 1/2-1/2

[Event "*** Titled Tuesday Blitz"]
[Site "Chess.com"]
[Date "2018.04.03"]
[Round "2"]
[White "TomPolgar"]
[Black "nicegg"]
[Result "1-0"]
[WhiteElo "2072"]
[BlackElo "1883"]
[TimeControl "180+2"]
[EndTime "13:24:31 PDT"]
[Termination "TomPolgar won by resignation"]

1. e4 e5 2. Nf3 Nc6 3. Nc3 Nf6 4. d4 exd4 5. Nxd4 Bb4 6. Nxc6 Bxc3+ 7. bxc3 dxc6 8.
Qxd8+ Kxd8 9. Bd3 Be6 10. O-O c5 11. Rd1 Ke7 12. Bg5 h6 13. Be3 b6 14. e5 Nd5 15. Bd2 Rad8 16. a3 c6 17. c4 Nc7 18. a4 Rd4 19. Be3 Rd7 20. a5 Rhd8 21. axb6 axb6 22. Rdb1 b5 23. Bxc5+ Ke8 24. cxb5 cxb5 25.
h3 Bc4 26. Be4 Bd5 27. Bd3 Bc4 28. Be4 Bd5 29. Bxd5 Rxd5 30. Bd6 Ne6 31. Ra7 Rd7 32. Ra8+ Rd8 33. Ra7 Rd7 34. Rba1 Rd2 35. Rxd7 Kxd7 36. Ra7+ Kc6 37. c3 Kd5 38. Rxf7 Rc2 39. Rd7 Kc6 40. Bb4 Kxd7 41. g3 Kc6 42. Kg2 Kd5 43. Kf3 Nc5 44.
Ke3 Ne4 45. e6 Nf6 46. e7 Ke6 47. f4 Kd7 48. Kd4 Rg2 49. g4 Rg3 50. Kc5 Rxh3 51. Kxb5 Nxg4 52. c4 Nf6 53. c5 Ne8 54. c6+ Kc8 55.
f5 Rd3 56. Kc4 Rd1 57. Bc3 h5 58. Bxg7 Rd6 59. f6 Rxc6+ 60. Kd5 Rxf6 61. Bxf6 Nxf6+ 62. Ke6 h4 63. Kxf6 h3 64. e8=Q+ 1-0

[Event "*** Titled Tuesday Blitz"]
[Site "Chess.com"]
[Date "2018.04.03"]
[Round "2"]
[White "Goala"]
[Black "Tash_Boy"]
[Result "1-0"]
[WhiteElo "2325"]
[BlackElo "2499"]
[TimeControl "180+2"]
[EndTime "13:24:34 PDT"]
[Termination "Goala won by resignation"]

1. d4 Nf6 2. c4 g6 3. Nc3 Bg7 4. e4 d6 5. h3 O-O 6. Bg5 c5 7.
d5 h6 8. Be3 e6 9. Nf3 Na6 10. Bd3 e5 11. a3 Nh5 12. Rb1 f5 13.
exf5 gxf5 14. Nd2 Nf6 15. f4 e4 16. Be2 Bd7 17. O-O Qe8 18. Qc2 Qg6 19. b4 b6 20.
bxc5 dxc5 21. Nb5 Rf7 22. Rf2 Bf8 23. Nf1 Rg7 24. Bd2 Ne8 25. Bc3 Nd6 26. Bxg7 Bxg7 27.
Nxd6 Qxd6 28. Rd1 Nc7 29. Ng3 Re8 30. Kh2 Re7 31. Nh5 Bd4 32. Rff1 Qg6 33. g4 Kh7 34. Rg1 Ne8 35. g5 Ng7 36. Nxg7 Qxg7 37. h4 Qg6 38. h5 Qd6 39. g6+ Kg7 40. Rgf1 Qf6 41.
Kg3 a6 42. a4 Re8 43. Rb1 Rb8 44. Rb3 Qe7 45. Rfb1 Qd6 46. a5 b5 47. cxb5 axb5 48.
Bxb5 Bxb5 49. Rxb5 Re8 50. Rb7+ Kg8 51. Qb3 e3 52.
Rb8 Qe7 53. Rxe8+ Qxe8 54. Qb8 Qxb8 55. Rxb8+ Kg7 56. Kf3 c4 57. Rc8 c3 58. a6 Kf6 59.
Ke2 1-0

[Event "*** Titled Tuesday Blitz"]
[Site "Chess.com"]
[Date "2018.04.03"]
[Round "2"]
[White "ZapataCharlesS"]
[Black "Yaacovn"]
[Result "1/2-1/2"]
[WhiteElo "2650"]
[BlackElo "2641"]
[TimeControl "180+2"]
[EndTime "13:24:40 PDT"]
[Termination "Game drawn - insufficient material"]

1. e4 c6 2. Nf3 d5 3. Nc3 dxe4 4. Nxe4 Nf6 5. Nxf6+ gxf6 6. g3 Bg4 7. Bg2 Nd7 8.
O-O Ne5 9. d3 e6 10. Bf4 Nxf3+ 11. Bxf3 Bxf3 12. Qxf3 Qd5 13. Qxd5 cxd5 14. Kg2 O-O-O 15.
a4 Bd6 16. Bxd6 Rxd6 17. a5 h5 18. h4 Rg8 19. f3 f5 20. Kf2 e5 21. Rfe1 f6 22.
c3 Rd7 23. Re2 Rdg7 24. Rg1 f4 25. d4 fxg3+ 26. Kg2 e4 27. Rf1 f5 28. fxe4 Rg4 29. exf5 Rxh4 30. Kg1 Re4 31. Rxe4 dxe4 32. Rf4 e3 33.
Re4 h4 34. Rxe3 h3 35. f6 h2+ 36. Kg2 Rh8 37. Re1 Kd7 38. f7 Rf8 39. Kxg3 Rxf7 40. Rh1 Kc6 41. Rxh2 Kb5 42. Rh5+ Kc4 43. Rc5+ Kb3 44.
Rb5+ Ka4 45. c4 a6 46. b3+ Ka3 47. Rb6 Kb2 48. d5 Kc3 49. c5 Kd4 50. c6 bxc6 51. dxc6 Kc5 52. b4+ Kc4 53. Kg4 Rf8 54. Kg5 Rc8 55. Kf5 Kd5 56. Rxa6 Rf8+ 57. Kg6 Rb8 58. c7 Rc8 59. Ra7 Kc6 60. b5+ Kxb5 61. Kf6 Kc6 62. Ke5 Rxc7 63. Ra8 Kb7 64. Rd8 Rc5+ 65. Rd5 Rxd5+ 66.
Kxd5 Ka6 67. Kc6 Kxa5 1/2-1/2

[Event "*** Titled Tuesday Blitz"]
[Site "Chess.com"]
[Date "2018.04.03"]
[Round "2"]
[White "mishanick"]
[Black "JSPrepz"]
[Result "1-0"]
[WhiteElo "2857"]
[BlackElo "2587"]
[TimeControl "180+2"]
[EndTime "13:24:41 PDT"]
[Termination "mishanick won by resignation"]

1. e4 e6 2. d4 d5 3. Bd3 dxe4 4.
Bxe4 Nf6 5. Bf3 c5 6. Ne2 Nc6 7. Be3 Nd5 8. Bxd5 Qxd5 9. Nbc3 Qxg2 10. Rg1 Qxh2 11. Bf4 Qh5 12. Nb5 cxd4 13. Nc7+ Ke7 14. Nxa8 e5 15. Bg3 Kd8 16. c3 Bg4 17. Bxe5 Nxe5 18. Qxd4+ Kc8 19. O-O-O Be7 20. Qxa7 Nc6 21. Nb6+ Kc7 22. Nd5+ Qxd5 23. Rxd5 Nxa7 24. Rxg4 g6 25. b4 h5 26. Rc4+ Kb8 27. Rd7 Bg5+ 28. f4 Bd8 29. Rxf7 h4 30. Ng1 h3 31. Nxh3 Rxh3 32. Rf8 Rd3 33.
Kc2 Rd7 34. a4 Nc6 35. Re4 Kc7 36. Rg8 Ne7 37. Rg7 Kc6 38. a5 Kb5 39. Kb3 Kc6 40. Re6+ Kd5 41. Rexg6 Rc7 42. Rg1 Rc8 43. Rd1+ Kc6 44.
Rxd8 Rxd8 45. Rxe7 Rf8 46. Re4 Kd5 47. Re5+ Kd6 48.
Rb5 Rxf4 49. Rxb7 Kc6 50. Rb6+ Kc7 51. Rh6 Kb7 52. b5 Ka8 53. a6 Rf5 54. c4 Rf3+ 55. Kb4 Rf5 56. Ka5 Ka7 57. Rh7+ Ka8 58. Kb4 Rf1 59. b6 Rf8 60. Kb5 Re8 61. c5 Rg8 62.
Rc7 Rh8 63. Rc8+ Rxc8 64. b7+ Ka7 65. bxc8=N+ Kb8 66. Nb6 Ka7 67. c6 Kb8 68. Nd5 Ka7 69. c7 Ka8 70. c8=Q+ 1-0

[Event "*** Titled Tuesday Blitz"]
[Site "Chess.com"]
[Date "2018.04.03"]
[Round "2"]
[White "26andrej26"]
[Black "LastHeroJr"]
[Result "0-1"]
[WhiteElo "2316"]
[BlackElo "2428"]
[TimeControl "180+2"]
[EndTime "13:24:42 PDT"]
[Termination "LastHeroJr won by checkmate"]

1. e4 e5 2. Nf3 Nc6 3. a3 Nf6 4. Nc3 Be7 5. d3 O-O 6. Be2 d5 7. exd5 Nxd5 8. O-O Re8 9. Be3 Nxe3 10. fxe3 Bc5 11. Qd2 e4 12. Nxe4 Rxe4 13. dxe4 Qxd2 14. Nxd2 Bxe3+ 15. Kh1 Bxd2 16. Rad1 Bg5 17. Bc4 Ne5 18.
Bb3 c6 19. h3 Kf8 20. Rf2 Ke7 21. Rdf1 Be6 22. Bxe6 Kxe6 23. Rd1 a5 24. a4 Nc4 25. b3 Nd6 26. Re2 Ra6 27. g3 h5 28.
h4 Bf6 29. Kg2 Be5 30. Rd3 Ra8 31. Rd1 Rg8 32. Rd3 g5 33. hxg5 Rxg5 34. Kf2 Rg4 35. Kf1 Nxe4 36. Rh2 Nxg3+ 37. Ke1 h4 38. Rh3 Re4+ 39.
Kd1 f5 40. Rd8 b5 41. Re8+ Kd7 42. Ra8 bxa4 43. Rxa5 axb3 44. cxb3 Ke6 45. Rc5 Kd6 46. Rc4 Bd4 47. Kc2 Kd5 48. Ra4 Bf6 49. Ra5+ Ke6 50. Ra4 Bd4 51. Rc4 Kd6 52. Kd3 c5 53. b4 Kd5 54. Rc1 cxb4 55. Rc8 Bc3 56. Rd8+ Ke5 57. Re8+ Kf6 58. Rxe4 fxe4+ 59. Kc2 Kg5 60. Rh2 Kg4 61. Kb3 h3 62. Ra2 Nf1 63. Rf2 Nd2+ 64. Kc2 Nf3 65. Kb3 h2 66. Rg2+ Kf4 67. Rg1 hxg1=Q 68. Ka2 Qa1+ 69. Kb3 Qb2+ 70. Kc4 Qa2+ 71. Kb5 b3 72.
Kc4 Qc2 73. Kb5 e3 74. Ka4 e2 75. Kb5 e1=Q 76. Kc6 b2 77. Kb5 b1=Q+ 78. Kc4 Qb4+ 79. Kd5 Qce4# 0-1

[Event "*** Titled Tuesday Blitz"]
[Site "Chess.com"]
[Date "2018.04.03"]
[Round "2"]
[White "r31415"]
[Black "Chess_Lynx"]
[Result "1-0"]
[WhiteElo "2191"]
[BlackElo "2017"]
[TimeControl "180+2"]
[EndTime "13:24:48 PDT"]
[Termination "r31415 won on time"]

1. e4 e6 2. d4 d5 3. Nc3 Nc6 4. e5 f6 5. f4 fxe5 6. fxe5 Qh4+ 7. g3 Qxd4 8. Nf3 Qxd1+ 9. Kxd1 Bd7 10. Bh3 O-O-O 11. Ng5 Nxe5 12. Bf4 Nc4 13. Nf7 e5 14.
Bg5 Nf6 15. Bxd7+ Kxd7 16. Nxh8 Ke6 17. b3 Nd6 18. Rf1 Be7 19. Ke2 Rxh8 20. Rad1 c6 21.
Bxf6 Bxf6 22. Kf2 e4 23. Ne2 Nf5 24. Nf4+ Ke7 25. Rfe1 Bd4+ 26. Ke2 g5 27. Ng2 Rf8 28. Rf1 Rf6 29. g4 Nd6 30. Rxd4 Nb5 31. Rdd1 Nc3+ 32. Ke3 Nxd1+ 33. Rxd1 Rf3+ 34. Ke2 Ke6 35. Rf1 Rh3 36. Rf2 Ke5 37. Ne3 d4 38. Rf5+ Ke6 39. Nf1 d3+ 40. cxd3 exd3+ 41. Kd2 h6 42. Rf8 Kd5 43. Rd8+ Kc5 44.
Rxd3 Rh4 45. Rg3 Kb4 46. h3 h5 47. Ne3 hxg4 48. Rxg4+ Rxg4 49. hxg4 Ka3 50. Kc3 Kxa2 51. Nc4 b5 52. Ne5 c5 53. Nf7 a5 54. Nxg5 a4 55.
bxa4 bxa4 56. Ne4 a3 57. Nxc5 Kb1 58. Nb3 a2 59. g5 1-0

[Event "*** Titled Tuesday Blitz"]
[Site "Chess.com"]
[Date "2018.04.03"]
[Round "2"]
[White "BogdanDeac"]
[Black "ckgchess"]
[Result "1-0"]
[WhiteElo "2712"]
[BlackElo "2524"]
[TimeControl "180+2"]
[EndTime "13:24:54 PDT"]
[Termination "BogdanDeac won by resignation"]

1. d4 Nf6 2. Bg5 d5 3. Nd2 Bf5 4. e3 e6 5. Ngf3 Be7 6. c4 c6 7. Qb3 Qb6 8. c5 Qc7 9. Bf4 Qc8 10. Rc1 h6 11. h3 O-O 12. Be2 Nbd7 13. Qa4 Ne4 14. O-O Nxd2 15. Nxd2 Bf6 16. Bd6 Re8 17. f4 Be7 18. Bxe7 Rxe7 19. b4 b5 20. Qa5 Qd8 21. Qxd8+ Rxd8 22. a4 bxa4 23. Ra1 Rb8 24. Rxa4 Nf6 25.
Nf3 Bc2 26. Ra6 Rxb4 27. Ne5 Rb3 28. Nxc6 Rc7 29. Rc1 Be4 30. Nxa7 Rxe3 31. Kf2 Rb3 32. Nb5 Rc8 33. Nd6 Rc7 34. Rca1 Rb2 35. R1a2 Rxa2 36. Rxa2 Bb1 37. Ra8+ Kh7 38. Ke3 Ne4 39. Rb8 Bc2 40. Nb5 Rc6 41. Ra8 Kg6 42. Ra3 Ng3 43. Bf3 Be4 44. Kf2 Nf5 45. g4 Ne7 46. Be2 Rc8 47.
Nd6 Rb8 48. Bb5 f5 49. Ke3 Kf6 50. Ra7 g5 51. Ne8+ Kf7 52. Nd6+ Kf6 53. c6 gxf4+ 54. Kxf4 Rxb5 55. Nxb5 Nxc6 56. Rc7 Nb4 57. Nd6 Nd3+ 58.
Ke3 f4+ 59. Kd2 Nf2 60. h4 Nxg4 61. Rf7+ Kg6 62. Rxf4 Nf6 63. Nxe4 Nxe4+ 64. Ke3 Ng3 65. Rg4+ 1-0

[Event "*** Titled Tuesday Blitz"]
[Site "Chess.com"]
[Date "2018.04.03"]
[Round "2"]
[White "SamCopeland"]
[Black "Triumphmate"]
[Result "1/2-1/2"]
[WhiteElo "2013"]
[BlackElo "2162"]
[TimeControl "180+2"]
[EndTime "13:24:57 PDT"]
[Termination "Game drawn by agreement"]

1. e4 e5 2. Nf3 Nc6 3. Bc4 Nf6 4.
d4 exd4 5. O-O Nxe4 6. Re1 d5 7. Bxd5 Qxd5 8. Nc3 Qd7 9. Nxe4 Be7 10. Bg5 O-O 11. Bxe7 Nxe7 12. Qxd4 Nf5 13. Qxd7 Bxd7 14. Nc5 Bc6 15.
Ne5 Nd4 16. Nxc6 Nxc6 17. c3 b6 18. Ne4 Rad8 19. Rad1 Rfe8 20. Rxd8 Rxd8 21. Kf1 f5 22. Ng3 g6 23. Ke2 Kg7 24. Rd1 Re8+ 25. Kf1 Re7 26. Ne2 g5 27. Nd4 Nxd4 28. Rxd4 Kf6 29.
f4 h6 30. Kf2 c5 31. Rd6+ Kg7 32.
fxg5 hxg5 33. g3 g4 34. a4 Kf7 35. a5 bxa5 36. Ra6 Rb7 37. Rxa5 Rxb2+ 38. Ke3 Rxh2 39. Rxc5 Kf6 40. Ra5 Rc2 41. Ra6+ Kg5 42. Rxa7 Rxc3+ 43. Kf2 Rc2+ 44. Kg1 Rb2 45. Ra6 Rb4 46. Rc6 Rb2 47. Ra6 Rb5 48. Kg2 f4 49. gxf4+ Kxf4 50. Ra3 Rb2+ 51.
Kg1 Kg5 52. Rc3 Kh4 53. Ra3 g3 54. Ra8 Rb1+ 55. Kg2 Rb2+ 56. Kg1 Kg4 57. Rg8+ Kf3 58. Rf8+ Ke2 59. Re8+ Kf3 60. Rf8+ Ke3 61. Re8+ Kd2 62. Kg2 Rb3 63. Rg8 Ke2 64. Rxg3 Rb4 65. Rg8 Re4 66. Rg7 Ke3 67. Rg3+ Kf4 68. Rg8 Re2+ 69. Kf1 Ra2 70. Rf8+ Ke3 71. Re8+ Kf3 72. Rf8+ Kg3 73. Rg8+ 1/2-1/2

[Event "*** Titled Tuesday Blitz"]
[Site "Chess.com"]
[Date "2018.04.03"]
[Round "2"]
[White "Bauxi435"]
[Black "Zufi1811"]
[Result "0-1"]
[WhiteElo "2452"]
[BlackElo "2447"]
[TimeControl "180+2"]
[EndTime "13:24:58 PDT"]
[Termination "Zufi1811 won by checkmate"]

1. d4 Nf6 2. c4 g6 3. Nc3 Bg7 4. e4 d6 5. Be2 O-O 6. Be3 e5 7. d5 a5 8. g4 Na6 9. g5 Nd7 10. h4 Nb6 11. h5 c6 12. dxc6 bxc6 13. Qd2 Be6 14. b3 a4 15. Bxb6 Qxb6 16. Nxa4 Qc7 17.
Nc3 Rfd8 18. hxg6 hxg6 19. Rd1 Nc5 20. Bf3 Bc8 21. Nge2 Ne6 22. Qe3 Qe7 23. Rg1 Nd4 24.
Rd2 Qa7 25. Na4 Be6 26. Nxd4 exd4 27. Qd3 d5 28. exd5 cxd5 29. cxd5 Bxd5 30. Bxd5 Rxd5 31. Kf1 Rc8 32. Rg4 Qd7 33. Qf3 Rf5 34. Qe2 Re8 35. Re4 Rxe4 36. Qxe4 Rxg5 37. Nc5 Qh3+ 38. Ke2 Re5 39.
Rxd4 Rxe4+ 40. Rxe4 Qc3 41. Nd3 Qc2+ 42. Ke3 Qxa2 43. b4 Qd5 44. f3 Bh6+ 45. Ke2 Qa2+ 46. Kf1 Qb1+ 47. Ne1 Bd2 48. Kf2 Bxe1+ 49. Rxe1 Qxb4 50.
Re4 Qd2+ 51. Kg3 Kg7 52. Rg4 f5 53. Rh4 Qe1+ 54. Kh3 Qf1+ 55. Kg3 Qg1+ 56. Kh3 g5 57. Ra4 Qh1+ 58. Kg3 Qe1+ 59. Kh3 Qf1+ 60. Kg3 f4+ 61. Kg4 Qg2+ 62. Kf5 Qc2+ 63. Kxg5 Qxa4 64. Kf5 Qd4 65.
Kg4 Qe3 66. Kh4 Qxf3 67. Kg5 Qg3+ 68. Kh5 Qg6+ 69. Kh4 f3 70. Kh3 f2 71. Kh2 Qg4 72. Kh1 f1=Q+ 73. Kh2 Qfg2# 0-1

[Event "*** Titled Tuesday Blitz"]
[Site "Chess.com"]
[Date "2018.04.03"]
[Round "2"]
[White "Vrolijk"]
[Black "Man-Chuk"]
[Result "0-1"]
[WhiteElo "2500"]
[BlackElo "2674"]
[TimeControl "180+2"]
[EndTime "13:25:02 PDT"]
[Termination "Man-Chuk won by resignation"]

1. d4 Nf6 2. c4 e6 3. Nf3 b6 4. g3 Bb7 5. Bg2 Be7 6. O-O O-O 7.
d5 exd5 8. Nh4 c6 9. cxd5 Nxd5 10. Nf5 Nc7 11. Nc3 d5 12. e4 Bf6 13. exd5 cxd5 14. Bf4 Nba6 15. Re1 Bc8 16. Nd6 Be6 17. Nxd5 Nxd5 18. Bxd5 Bxd5 19. Qxd5 Nc5 20. Rad1 Bxb2 21. Re2 Bf6 22. Qf5 Qd7 23. Qxd7 Nxd7 24. Ne4 Nc5 25.
Nxc5 bxc5 26. Rc2 Bd4 27. Be3 Bxe3 28. fxe3 Rfe8 29. Rxc5 Rxe3 30. Rc7 a5 31. Ra7 Ree8 32. Rdd7 h6 33. Rxf7 Rxa7 34. Rxa7 Re5 35. Kf2 Rc5 36. Ke3 Rc3+ 37. Kf4 Ra3 38. Kf5 Kh7 39. h4 Rxa2 40. h5 a4 41. Kg4 a3 42. Ra8 Ra1 43. Kh3 g5 44. Ra7+ Kg8 45. Kg4 a2 46. Ra6 Kf7 47.
Ra7+ Ke6 48. Ra6+ Ke5 49. Ra4 Kd5 50. Ra8 Ke5 51. Ra4 Ke6 52. Ra5 Kd6 53. Ra8 Kd5 54. Rd8+ Ke4 55. Ra8 Ke3 56. Ra3+ Kf2 57. Kf5 Rb1 58.
Rxa2+ Kxg3 59. Ra6 Kh4 60. Kg6 g4 61. Kxh6 Rb5 62.
Ra1 Rxh5+ 63. Kg6 Rb5 0-1

[Event "*** Titled Tuesday Blitz"]
[Site "Chess.com"]
[Date "2018.04.03"]
[Round "2"]
[White "Vadim_Biliy"]
[Black "51616516516"]
[Result "1/2-1/2"]
[WhiteElo "2134"]
[BlackElo "2133"]
[TimeControl "180+2"]
[EndTime "13:25:05 PDT"]
[Termination "Game drawn by agreement"]

1. d4 Nf6 2. Nf3 g6 3. e3 c5 4. Be2 Bg7 5. O-O b6 6. b3 d6 7.
Bb2 Nbd7 8. d5 O-O 9. c4 a6 10. Nc3 Rb8 11. a4 Ne5 12. e4 Nxe4 13. Nxe5 Bxe5 14. Qd3 Nxc3 15. Bxc3 Bf5 16. Qe3 Bxc3 17. Qxc3 e5 18. h3 Qg5 19. Kh1 Rfe8 20. a5 bxa5 21. Rxa5 Rb6 22. Rfa1 Reb8 23. R1a3 Bc8 24. Bd1 f5 25.
Qa1 e4 26. Ra2 f4 27. Qc1 h6 28. Qd2 Qh4 29. Kh2 f3 30. Qe3 fxg2 31. Kxg2 Qg5+ 32. Qxg5 hxg5 33. Bg4 Bxg4 34. hxg4 Rxb3 35. Rxa6 R8b6 36. Ra8+ Kg7 37. R2a7+ Kf6 38. Re8 Rb7 39. Re6+ Kf7 40.
Rxb7+ Rxb7 41. Rxd6 Rb2 42. Re6 Rc2 43. Rxe4 Kf6 44.
Kg3 Kf7 45. f3 Kf6 46. Re6+ Kf7 47. Re4 Kf6 48. f4 Rc3+ 49. Kf2 gxf4 50. Rxf4+ Ke5 51.
Rf7 Rxc4 52. d6 Kxd6 53. Rf6+ Ke5 54. Rxg6 Kf4 55. Kg2 Rc2+ 56. Kh3 c4 57. Rf6+ Kg5 58. Rf5+ Kg6 59. Rc5 c3 60. Kh4 Rc1 61. Rc6+ Kg7 62. Kg5 c2 63. Rc7+ Kf8 64. Kg6 Rg1 65. Rc8+ Ke7 66.
Rc7+ Kd6 67. Rxc2 Rxg4+ 68. Kf5 Ra4 1/2-1/2

[Event "*** Titled Tuesday Blitz"]
[Site "Chess.com"]
[Date "2018.04.03"]
[Round "2"]
[White "Rumpel-VK"]
[Black "Mikhail_Golubev"]
[Result "1-0"]
[WhiteElo "2389"]
[BlackElo "2323"]
[TimeControl "180+2"]
[EndTime "13:25:09 PDT"]
[Termination "Rumpel-VK won by resignation"]

1. Nf3 d6 2. d4 Nf6 3. g3 g6 4. Bg2 Bg7 5. O-O O-O 6. h3 Nbd7 7. d5 Nb6 8. Nc3 Bd7 9. a4 a5 10. e4 c6 11. Nd4 cxd5 12. exd5 Rc8 13. Re1 Rxc3 14.
bxc3 Nfxd5 15. Bd2 Qc8 16. Kh2 Nxc3 17. Bxc3 Qxc3 18. Nb3 Bxa4 19. Rb1 Qc7 20. Qe2 Bf6 21. Nxa5 Bc3 22. Qxe7 Qxe7 23. Rxe7 Bxa5 24. Rxb7 Nc4 25. Bd5 Ne5 26. Ra1 Bc6 27. Rxa5 Bxb7 28. Bxb7 Rb8 29. Ra8 Rxa8 30. Bxa8 Kg7 31. f4 Nd7 32. Kg2 Kf6 33. Kf3 Nb6 34. Bc6 d5 35. Ke3 Ke6 36. Kd4 Kd6 37. Be8 Ke7 38. Bc6 Kd6 39. Be8 Ke6 40. Bb5 Nc8 41. f5+ gxf5 42. Bc6 Ne7 43. Bb7 Kd6 44. Ba6 f4 45. gxf4 Nf5+ 46. Kd3 Kc5 47.
Bc8 Nd6 48. Bg4 h6 49. Bh5 f6 50.
Bg6 Nc4 51. Ke2 Kd4 52. Kf3 Ne3 53. c3+ Kxc3 54. Kxe3 Kc4 55. Kf3 Kd4 56. Kg4 Ke3 57.
h4 d4 58. h5 d3 59. Bxd3 Kxd3 60. Kf5 Ke3 61. Kg6 Kxf4 62. Kxh6 Kg4 63. Kg6 f5 64. h6 f4 65. h7 f3 66. h8=Q Kg3 67.
Qe5+ Kg2 68. Qe4 Kg3 69. Qe3 Kg2 70. Qg5+ Kf1 71. Kf5 f2 72. Kf4 Ke2 73. Qe5+ Kd2 74. Qd4+ Ke1 75. Ke3 f1=N+ 76. Kd3 1-0

[Event "*** Titled Tuesday Blitz"]
[Site "Chess.com"]
[Date "2018.04.03"]
[Round "2"]
[White "biostatistician"]
[Black "djano"]
[Result "1/2-1/2"]
[WhiteElo "2455"]
[BlackElo "2417"]
[TimeControl "180+2"]
[EndTime "13:25:14 PDT"]
[Termination "Game drawn by repetition"]

1. d4 Nf6 2. Nf3 g6 3. c4 Bg7 4. Nc3 d5 5. cxd5 Nxd5 6. e4 Nxc3 7. bxc3 c5 8. Be3 O-O 9. Be2 cxd4 10. cxd4 Qa5+ 11.
Qd2 Nc6 12. Qxa5 Nxa5 13. O-O Rd8 14. Rac1 Bg4 15. Rfd1 Rac8 16. d5 b6 17. Ba6 Rxc1 18.
Rxc1 e6 19. dxe6 Bxe6 20. a4 Nb3 21. Rb1 Nc5 22. Bxc5 bxc5 23. h3 c4 24. Rc1 c3 25.
e5 Bb3 26. Rxc3 Bxa4 27. Rc7 Rd7 28. Rc8+ Bf8 29. Bc4 Kg7 30. e6 Rd1+ 31. Kh2 fxe6 32. Bxe6 Bd6+ 33. g3 a6 34. Kg2 Bb5 35. Ng5 h6 36. Ne4 Be5 37. f4 Bd4 38. Rc7+ Kf8 39. Rf7+ Ke8 40. Nd6+ Kd8 41. Nb7+ Ke8 42. Nd6+ Kd8 43.
Nb7+ Ke8 44. Nd6+ Kd8 45. Nxb5 axb5 46. Rd7+ Ke8 47. Kf3 Rd2 48. Ke4 Bc3 49. Rc7 b4 50. Bf7+ Kd8 51. Rb7 Rd6 52. g4 Rd4+ 53. Ke3 Rd6 54.
Ke4 Rd4+ 55. Ke3 Rd6 56. Bb3 Rd7 57. Rb5 Ke7 58. Ke4 Rd4+ 59. Ke3 Rd6 60. Rb7+ Rd7 61. Rb5 g5 62. f5 Rd6 63. Ke4 Rd4+ 64. Ke3 Rd6 65.
Rb7+ Kf6 66. Rf7+ Ke5 67. Re7+ Kf6 68. Rh7 Ke5 69. Re7+ Kf6 70. Rh7 Ke5 71. Re7+ Kf6 72. Rh7 Ke5 1/2-1/2

[Event "*** Titled Tuesday Blitz"]
[Site "Chess.com"]
[Date "2018.04.03"]
[Round "2"]
[White "Aariow"]
[Black "ST-Sandavagur"]
[Result "1-0"]
[WhiteElo "2328"]
[BlackElo "2437"]
[TimeControl "180+2"]
[EndTime "13:25:21 PDT"]
[Termination "Aariow won by resignation"]

1. Nf3 Nf6 2. g3 b6 3. Bg2 Bb7 4. O-O e6 5. c4 d5 6. b3 Nbd7 7. Bb2 Be7 8. e3 O-O 9. Nc3 Ne4 10. d3 Nxc3 11. Bxc3 dxc4 12. dxc4 Nc5 13. Qe2 Qd3 14. Qxd3 Nxd3 15. Rfd1 Rfd8 16. Ne5 Bxg2 17. Kxg2 Bf6 18. Rxd3 Rxd3 19. Nxd3 Bxc3 20. Rc1 Bf6 21. Kf3 Kf8 22.
e4 Bd4 23. Ke2 a5 24. c5 b5 25. a4 bxa4 26. bxa4 Rb8 27. Rc4 e5 28. f4 f6 29. c6 Ke7 30. fxe5 fxe5 31. Nc5 Rb2+ 32. Kd3 Rxh2 33. Nb3 Bb6 34. Rc3 Kd6 35. Nd2 Bd4 36.
Nc4+ Kc5 37. Rc1 Kb4 38. Rb1+ Kxa4 39. Rb7 Rg2 40. Rxc7 Rxg3+ 41. Kd2 Kb5 42. Nd6+ Kc5 43. Nf5 Rg6 44. Ne7 Re6 45. Rd7 Rxe7 46. Rxe7 Kxc6 47.
Rxg7 Kc5 48. Kc2 Kc4 49. Rc7+ Bc5 50. Rxh7 Kd4 51. Rh4 Ke3 52. Kb3 Kf3 53. Kc4 Be3 54. Kd5 Bd4 55. Rh3+ Kf4 56. Ra3 Kg5 57. Rxa5 Kf6 58.
Ra6+ Ke7 59. Re6+ Kd7 60. Rh6 Ke7 61. Rh7+ Kf6 62. Rh6+ Ke7 63. Rh5 Kf6 64. Rf5+ Kg7 65. Rxe5 Bxe5 66. Kxe5 Kf7 67. Kd6 Ke8 68. Ke6 1-0

[Event "*** Titled Tuesday Blitz"]
[Site "Chess.com"]
[Date "2018.04.03"]
[Round "2"]
[White "bascheyaro"]
[Black "Fandorine"]
[Result "0-1"]
[WhiteElo "2612"]
[BlackElo "2720"]
[TimeControl "180+2"]
[EndTime "13:25:22 PDT"]
[Termination "Fandorine won by resignation"]

1. d4 Nf6 2. c4 g6 3. Nf3 Bg7 4. Nc3 O-O 5. Bf4 d6 6. e3 c5 7. Be2 Qb6 8. Qb3 Nc6 9. dxc5 Qxc5 10. Qb5 Nd7 11. O-O a6 12. Qb3 Qa5 13. Rfd1 Nc5 14. Qc2 Bf5 15. Qc1 Rac8 16. Nd4 Bd7 17. Nb3 Nxb3 18.
axb3 Qb6 19. Ra3 Be6 20. Qb1 Rfd8 21. Bf3 Qb4 22. Nd5 Bxd5 23. Bxd5 Ne5 24. Qa2 e6 25. Bf3 Nxf3+ 26. gxf3 d5 27. Ra4 Qc5 28. Kg2 d4 29. exd4 Rxd4 30. Be3 Rxd1 31. Bxc5 Rxc5 32. Ra5 Rc8 33.
Rg5 Rd2 34. Kf1 Bd4 35. Rg2 Rxb2 36. Qa4 Rd8 37. h4 Bc5 38. Kg1 Rd1+ 39. Kh2 Bd6+ 40. f4 Bxf4+ 41. Kh3 Rd3+ 42. Kg4 Bd6 43. Qe8+ Bf8 44.
Rg3 Rd4+ 45. Kh3 Rxf2 46. Qb8 b5 47. cxb5 axb5 48. Qb6 Rff4 49. Kg2 Rxh4 50. Rf3 Rhg4+ 51. Kf1 Rdf4 52. Rxf4 Rxf4+ 53. Kg2 Rf5 54. Kg3 h5 55. Qb8 Kg7 56. Kg2 Be7 57. Qb7 Bf6 58. Qc6 h4 59.
Qd7 b4 60. Qd3 Bc3 61. Qe4 g5 62. Qg4 Kg6 63. Qe4 Kh5 64. Qa8 g4 65. Qg8 h3+ 66. Kh2 Be5+ 67. Kg1 Bd4+ 68. Kh2 Rf2+ 69. Kg1 Rb2+ 70.
Kf1 h2 71. Qxf7+ Kg5 72. Qe7+ Bf6 73. Qc5+ Kg6 74. Qc6 h1=Q+ 75. Qxh1 Rb1+ 0-1

[Event "*** Titled Tuesday Blitz"]
[Site "Chess.com"]
[Date "2018.04.03"]
[Round "2"]
[White "ChessWarrior7197"]
[Black "Marcus_Harvey"]
[Result "0-1"]
[WhiteElo "2660"]
[BlackElo "2638"]
[TimeControl "180+2"]
[EndTime "13:25:26 PDT"]
[Termination "Marcus_Harvey won by resignation"]

1. e4 e6 2. d4 d5 3. Nd2 a6 4.
Bd3 c5 5. exd5 exd5 6. dxc5 Bxc5 7. Ngf3 Ne7 8. O-O h6 9. Nb3 Bd6 10. h3 O-O 11. Nbd4 Nbc6 12. c3 Bc7 13. a4 Qd6 14. b3 Nxd4 15. cxd4 Qf6 16. Ba3 Bd6 17. Bxd6 Qxd6 18. Re1 Nc6 19. Rc1 Bd7 20. Bb1 Rfe8 21. Qd3 g6 22. Qd2 Kg7 23. Qb2 Rxe1+ 24. Rxe1 Re8 25.
Ne5 Qb4 26. Rd1 Nxe5 27. dxe5 Be6 28. Bd3 d4 29. Be4 Rd8 30. Bc2 Qc5 31. Be4 b5 32. axb5 Qxe5 33. Bd3 axb5 34. b4 Bc4 35. Qd2 Qd6 36.
Be4 d3 37. Qc3+ Kh7 38. Qd2 f5 39. Bf3 Kg7 40. Qb2+ Qf6 41. Qd2 Rd7 42. g3 Ra7 43.
Qe3 Ra1 44. Qc5 Rxd1+ 45. Bxd1 Qa1 46. Qe7+ Bf7 47. Qe1 Qd4 48. Qd2 g5 49. Kh2 f4 50.
g4 Bd5 51. Kg1 Kf7 52. Qc1 Bc4 53. Qa3 d2 54. Qa8 Qe5 55. Qb7+ Qe7 56. Qf3 Qe1+ 57.
Kh2 Qe5 58. Qb7+ Kf6 59. Qc6+ Qe6 60. Qc5 Qe5 61. Qf8+ Ke6 62. Qe8+ Kd5 63. Qd7+ Ke4 64. Qh7+ Kd4 65. Qc2 f3+ 0-1

[Event "*** Titled Tuesday Blitz"]
[Site "Chess.com"]
[Date "2018.04.03"]
[Round "2"]
[White "Eliwood44"]
[Black "dolynachess"]
[Result "0-1"]
[WhiteElo "2238"]
[BlackElo "2408"]
[TimeControl "180+2"]
[EndTime "13:25:34 PDT"]
[Termination "dolynachess won by resignation"]

1. d4 Nf6 2. Nf3 c5 3. d5 b5 4. Bg5 d6 5. Bxf6 exf6 6. a4 b4 7. e4 g6 8. Nbd2 Bg7 9. Bb5+ Nd7 10. Nc4 Qc7 11. O-O O-O 12. Re1 Bb7 13. a5 Ne5 14.
Nfxe5 fxe5 15. a6 Bc8 16. Qe2 Rb8 17. Na5 f5 18. Nc6 Rb6 19. exf5 gxf5 20. f4 e4 21. Ra2 Kh8 22. Kh1 Rg8 23. Bc4 Bf6 24. g3 Bd7 25.
Rd1 Rg7 26. Qh5 Rg6 27. c3 bxc3 28. bxc3 Bxc3 29. Ne7 Rf6 30. Qg5 Qd8 31. Nc6 Rxc6 32.
dxc6 Bxc6 33. h4 d5 34. Bf1 Qf8 35. Rc2 Bb4 36. Rb1 Rg6 37. Qh5 d4 38. Bh3 d3 39.
Rc4 e3+ 40. Kh2 e2 41. Bxf5 Rh6 42. Qg5 e1=Q 43. Rxe1 Bxe1 44. Rxc5 Qxc5 45. Qd8+ Kg7 46. Qc7+ Kf6 47. Qd8+ Kxf5 48. Qg5+ Ke4 49. Qxc5 d2 50. Qc4+ Ke3 51. Qc3+ Ke2 52. Qc4+ Kf2 53. Qd4+ Kf3 54. Qd3+ Kf2 55. Qd4+ Kf3 56. Qd3+ Kg4 57. Qe2+ Kf5 58. Qe5+ Kg6 59. Qg5+ Kf7 60. Qxh6 d1=Q 61. Qxc6 Qe2+ 62. Kh3 Qe6+ 63. Qxe6+ Kxe6 64. Kg4 Kf6 65. h5 h6 66. Kf3 Kf5 67. g4+ Ke6 68. Ke4 Bd2 69. Kf3 Kd5 70. f5 Ke5 71. Ke2 Bg5 72. Kd3 Kf4 73. Kc4 Kxg4 74. Kd5 Kxf5 0-1